 Dungeon Crawl Stone Soup version 0.23-a0-4-g8f018a2 (webtiles) character file.

120 Kuinu the Firebug (level 4, -1/33 HPs)
             Began as a Draconian Fire Elementalist on Aug 1, 2018.
             Slain by a gnoll
             ... wielding a +0 flail
              (10 damage)
             ... on level 2 of the Dungeon.
             The game lasted 00:07:51 (2733 turns).

Kuinu the Firebug (Draconian Fire Elementalist)     Turns: 2733, Time: 00:07:52

Health: -1/33      AC:  7    Str: 10    XL:     4   Next: 75%
Magic:  8/8        EV: 12    Int: 16    God:
Gold:   108        SH:  0    Dex: 12    Spells: 0/8 levels left

rFire    . . .     SeeInvis .   a - +1 short sword (freeze)
rCold    . . .     Gourm    .   (no shield)
rNeg     . . .     Faith    .   (armour unavailable)
rPois    .         Spirit   .   (helmet restricted)
rElec    .         Reflect  .   m - +1 cloak
rCorr    .         Harm     .   (no gloves)
MR       .....                  (no boots)
Stlth    ++........             (no amulet)
HPRegen  0.11/turn              (no ring)
MPRegen  0.11/turn              (no ring)

@: no status effects
A: unfitting armour, cold-blooded, AC +5
a: no special abilities


You were on level 2 of the Dungeon.
You were not hungry.

You visited 1 branch of the dungeon, and saw 3 of its levels.

You collected 108 gold pieces.

Inventory:

Hand Weapons
 a - a +1 short sword of freezing (weapon)
 d - a +2 dagger of speed
 i - a cursed -1 dagger
 o - a cursed -3 dagger
Armour
 m - a +1 cloak (worn)
Scrolls
 f - 3 scrolls of teleportation
 g - 2 scrolls of remove curse {unknown}
Potions
 e - 2 potions of heal wounds {unknown}
 h - 2 potions of resistance
 j - a potion of flight {unknown}
 k - a potion of degeneration {unknown}
 l - 2 potions of curing
Comestibles
 b - 3 rations
 c - 7 chunks of flesh


   Skills:
 - Level 1.7 Dodging
 - Level 1.7 Stealth
 + Level 2.7 Spellcasting
 * Level 2.9 Conjurations
 * Level 4.2 Fire Magic


You couldn't memorise any spells.
You knew the following spells:

 Your Spells              Type           Power        Failure   Level  Hunger
a - Flame Tongue          Conj/Fire      ##...        4%          1    #......
b - Conjure Flame         Conj/Fire      ##......     13%         3    ###....
c - Sticky Flame          Conj/Fire      ##......     41%         4    #####..

Your spell library contained the following spells:

 Spells                   Type           Power        Failure   Level  Hunger
 Fireball                 Conj/Fire      ##........   77%         5    ######.
 Throw Flame              Conj/Fire      ##....       7%          2    ##.....
 Inner Flame              Hex/Fire       #.......     24%         3    ###....


Dungeon Overview and Level Annotations

Branches:
Dungeon (3/15)

Altars:
Elyvilon
Yredelemnul


Innate Abilities, Weirdness & Mutations

Your plain brown scales are hard. (AC +5)
You cannot fit into any form of body armour.
You are cold-blooded and may be slowed by cold attacks.


Message History

Confirm with . or Enter, or press ? or * to list all spells.
Okay, then.
You closely miss the gnoll. The gnoll hits you with a flail!
The gnoll closely misses you. The gnoll hits you but does no damage.
There is a stone staircase leading up here.
The gnoll barely misses you.
You climb upwards.
There is a stone staircase leading down here.
The gnoll hits you with a flail. The gnoll hits you with a flail.
The gnoll closely misses you. The gnoll barely misses you.
The gnoll hits you with a flail.
Your magical contamination has completely faded away.
The gnoll hits you with a flail.
* * * LOW HITPOINT WARNING * * *
The gnoll hits you but does no damage. The gnoll hits you with a flail!
You die...

##.(....# #.....#
.((....># #.....######
##......# #.....'....#
##......# #.....####.#
........# #.##### #.#
........# #.# #.#
........# #.# #.#
..###.#####.########.#
### #..........g@.##.#
# #######.#####.##.# #
#...........##.# #
#.###.####.....# # #.#
#.# #.##### #
#.###+####†# #
#.##.....#.# #
#.##.....#.# #
#.##.....#.#


You could see a gnoll.

Vanquished Creatures
  4 adders
  3 oozes (D:1)
  A worm (D:2)
  2 dart slugs (D:1)
  3 leopard geckos
  An orc (D:3)
  6 bats
  3 giant cockroaches
  7 goblins
  10 hobgoblins
  A quokka (D:3)
  A ball python (D:1)
  4 frilled lizards
  5 kobolds
  9 rats
60 creatures vanquished.

Notes
Turn   | Place    | Note
-------+----------+-------------------------------------------
     0 | D:1      | Kuinu the Draconian Fire Elementalist began the quest for the Orb.
     0 | D:1      | Reached XP level 1. HP: 14/14 MP: 3/3
   213 | D:1      | Reached XP level 2. HP: 12/20 MP: 1/5
   542 | D:1      | Reached XP level 3. HP: 13/26 MP: 0/6
   962 | D:2      | Learned a level 3 spell: Conjure Flame
  1490 | D:2      | Reached XP level 4. HP: 27/33 MP: 7/7
  2058 | D:2      | Found a basalt altar of Yredelemnul.
  2149 | D:2      | Reached skill level 4 in Fire Magic
  2248 | D:2      | Found a white marble altar of Elyvilon.
  2293 | D:2      | Learned a level 4 spell: Sticky Flame
  2344 | D:3      | Noticed an ogre
  2733 | D:2      | Slain by a gnoll

Vault maps used:
D:1:      minmay_arrival_solitary_statue, minmay_pentomino_q2
D:2:      kennysheep_ying_yang
D:3:      lemuel_castle_with_subvaults, lemuel_doored_altar, grunt_ministairs_3

Skill      XL: |  1  2  3  4 |
---------------+-------------+-----
Conjurations   | 2 |  2.9
Fire Magic     | 4 |  4.2
Dodging        | |  1.7
Stealth        | |  1.7
Spellcasting   | |  2.7

Action                   |  1- 3 |  4- 6 || total
-------------------------+-------+-------++-------
Melee: Dagger            |    79 |       ||    79
       Unarmed           |     3 |       ||     3
       Tailslap          |     8 |     3 ||    11
       Short sword       |     7 |    56 ||    63
 Cast: Flame Tongue      |    45 |    20 ||    65
       Conjure Flame     |       |     1 ||     1
  Use: Scroll            |       |     4 ||     4
  Eat: Chunk             |     2 |     5 ||     7
Armor: Skin              |    22 |    17 ||    39
Dodge: Dodged            |    55 |    52 ||   107

Table legend:
 A = Spawn XP
 B = Non-spawn XP
 C = Spawn XP percentage of total XP
 D = Spawn monster count
 E = Non-spawn monster count
 F = Spawn count percentage of total count
 G = Total turns spent on level
                    A         B        C        D         E        F      G
               +---------+---------+-------+---------+---------+-------+---------
         Total |       0 |     172 |   0.0 |       0 |      60 |   0.0 |  2733
               +---------+---------+-------+---------+---------+-------+---------
           D:1 |       0 |      66 |   0.0 |       0 |      28 |   0.0 |   957
           D:2 |       0 |      51 |   0.0 |       0 |      20 |   0.0 |  1554
           D:3 |       0 |      55 |   0.0 |       0 |      12 |   0.0 |   222
               +---------+---------+-------+---------+---------+-------+---------
